 Dungeon Crawl Stone Soup version 0.24.0-125-gc4c63601f3 (webtiles) character file.

Game seed: 15400143074873758540, levelgen mode: deterministic

57 Freyura the Twirler (level 3, -2/28 HPs)
             Began as a Demonspawn Gladiator on Feb 22, 2020.
             Slain by a worm (10 damage)
             ... on level 2 of the Dungeon.
             The game lasted 00:02:29 (1426 turns).

Freyura the Twirler (Demonspawn Gladiator)          Turns: 1426, Time: 00:02:29

Health: -2/28      AC:  4    Str: 14    XL:     3   Next: 73%
Magic:  3/3        EV: 13    Int:  9    God:
Gold:   105        SH:  0    Dex: 15    Spells: 2/2 levels left

rFire    . . .     SeeInvis .   a - +0 quarterstaff
rCold    . . .     Gourm    .   (shield currently unavailable)
rNeg     . . .     Faith    .   b - +0 leather armour
rPois    .         Spirit   .   (helmet restricted)
rElec    .         Reflect  .   g - +0 cloak
rCorr    .         Harm     .   (no gloves)
MR       .....                  (no boots)
Stlth    +.........             (no amulet)
HPRegen  0.09/turn              (no ring)
MPRegen  0.08/turn              (no ring)

@: no status effects
A: horns 2
a: no special abilities


You were on level 2 of the Dungeon.
You were not hungry.

You visited 1 branch of the dungeon, and saw 2 of its levels.

You collected 105 gold pieces.

Inventory:

Hand Weapons
 a - a +0 quarterstaff (weapon)
Missiles
 d - 3 throwing nets (quivered)
Armour
 b - a +0 leather armour (worn)
 c - a +0 helmet
 g - a +0 cloak (worn)
Scrolls
 e - a scroll of remove curse {unknown}
 j - a scroll of identify {unknown}
 k - a scroll of immolation {unknown}
Potions
 i - a potion of invisibility {unknown}
Comestibles
 f - 4 rations
 h - 4 chunks of flesh


   Skills:
 + Level 2.6 Fighting
 + Level 3.2 Staves
 - Level 1.8 Throwing
 + Level 1.2 Armour
 + Level 3.1 Dodging


You had 2 spell levels left.
You didn't know any spells.
Your spell library was empty.

Dungeon Overview and Level Annotations

Branches:
Dungeon (2/15)

Altars:


Innate Abilities, Weirdness & Mutations

You have a pair of horns on your head.


Message History

The worm bites you!
* * * LOW HITPOINT WARNING * * *
You are too injured to fight recklessly!
You are too injured to fight recklessly!
You are too injured to fight recklessly!
You are too injured to fight recklessly!
You are too injured to fight recklessly!
You are too injured to fight recklessly!
You are too injured to fight recklessly!
You are too injured to fight recklessly!
You are too injured to fight recklessly!
You are too injured to fight recklessly!
You are too injured to fight recklessly!
You are too injured to fight recklessly!
You are too injured to fight recklessly!
You are too injured to fight recklessly!
You barely miss the worm.
The worm is lightly wounded.
The worm bites you!
You die...

########(# #####........
#.<.........#
##.######.###.#####.#
#............†).....######
#.........................
#..######.###.........#
...........##..###..#.#
#.....###......w@...#
#..#.......###.###..g....
#..#..####.# #.# #..#.#.#
#..#..## .# #.# #....#
#..#...###.# #.# #....#
..).÷......###w #.#...#
#..<......... ........
##.....#####. .......
####÷.#


You could see a worm and a goblin.

Vanquished Creatures
  An adder (D:2)
  2 dart slugs (D:2)
  2 leopard geckos (D:1)
  2 ball pythons (D:1)
  6 bats
  2 giant cockroaches (D:1)
  5 goblins
  6 hobgoblins (D:1)
  3 jackals (D:2)
  6 kobolds
  A frilled lizard (D:2)
  4 rats
40 creatures vanquished.

Notes
Turn   | Place    | Note
-------+----------+-------------------------------------------
     0 | D:1      | Freyura the Demonspawn Gladiator began the quest for the
                  | Orb.
     0 | D:1      | Reached XP level 1. HP: 16/16 MP: 1/1
   100 | D:1      | Gained mutation: You have a pair of small horns on your
                  | head. [demonic ancestry]
   100 | D:1      | Reached XP level 2. HP: 12/22 MP: 2/2
  1095 | D:1      | Gained mutation: You have a pair of horns on your head.
                  | [demonic ancestry]
  1095 | D:1      | Reached XP level 3. HP: 28/28 MP: 3/3
  1358 | D:2      | Reached skill level 1 in Armour
  1426 | D:2      | Slain by a worm

Levels and vault maps discovered:
D:1:      lemuel_arrival_behind_the_door_large, layout_basic
D:2:      layout_loops_ring

Skill      XL: |  1  2  3 |
---------------+----------+-----
Staves         | 3 |  3.2
Dodging        | 3 |  3.1
Armour         | 1 |  1.2
Fighting       | |  2.6
Throwing       | |  1.8

Action                   || total
-------------------------++-------
Melee: Quarterstaff      ||   103
       Headbutt          ||    11
  Use: Potion            ||     1
 Stab: Sleeping          ||     2
  Eat: Chunk             ||     2
Armor: Leather armour    ||    36
Dodge: Dodged            ||    80
